 Dungeon Crawl Stone Soup version 0.30.0-15-g856e2d3f33 (webtiles) character file.

Game seed: 15120303438691629690

190 Salm0nSnake the Chiller (level 5, 0/38 HPs)
             Began as a Merfolk Ice Elementalist on May 18, 2023.
             Slain by an orc
             ... wielding a +0 war axe
              (3 damage)
             ... on level 4 of the Dungeon.
             The game lasted 00:32:46 (3801 turns).

Salm0nSnake the Chiller (Merfolk Ice Elementalist)  Turns: 3801, Time: 00:32:46

Health: 0/38       AC: 13    Str:  7 (8)  XL:     5   Next: 69%
Magic:  17/18      EV: 10    Int: 14 (17) God:
Gold:   162        SH:  0    Dex: 11 (14) Spells: 5/9 levels left

rFire   . . .        n - +1 scimitar (protect)
rCold   . . .        (no shield)
rNeg    . . .        g - +0 ring mail
rPois   .            (no helmet)
rElec   .            q - +0 cloak
rCorr   .            (no gloves)
SInv    .            (no boots)
Will    .....        d - amulet of magic regeneration
Stlth   +            j - ring of magical power
HPRegen 0.26/turn    (no ring)
MPRegen 0.56/turn

%: no passive effects
@: lethally poisoned (0 -> -10), about to teleport, under a protective aura
A: (nimble swimmer 2), mertail
a: no special abilities


You were on level 4 of the Dungeon.
You visited 1 branch of the dungeon, and saw 4 of its levels.

You collected 162 gold pieces.

Inventory:

Hand Weapons
 l - a +2 dagger of draining
 m - the +3 hand axe of Ruination {flame, rN+ Dex+3 SInv}
   (You found it on level 2 of the Dungeon)

   Dex:       It affects your dexterity (+3).
   rN:        It protects you from negative energy.
   SInv:      It lets you see invisible.
 n - a +1 scimitar of protection (weapon)
Missiles
 o - 6 poisoned darts (quivered)
Armour
 a - a +0 robe
 g - a +0 ring mail (worn)
 q - a +0 cloak (worn)
 u - a +0 plate armour
Magical Staves
 h - a staff of conjuration
Jewellery
 d - an amulet of magic regeneration (around neck)
 j - a ring of magical power (left hand)
 p - a +4 ring of protection
Scrolls
 i - a scroll of noise
 s - a scroll of magic mapping {unknown}
Potions
 b - a potion of magic
 e - a potion of attraction {unknown}
 f - a potion of haste
 k - a potion of might


   Skills:
 + Level 1.6 Fighting
 * Level 0.8 Long Blades
 - Level 0.7 Axes
 + Level 0.8 Armour
 + Level 3.9 Dodging
 + Level 2.3 Stealth
 + Level 0.1 Unarmed Combat
 + Level 2.8 Spellcasting
 + Level 5.5 Ice Magic


You had 5 spell levels left.
You knew the following spells:

 Your Spells              Type           Power      Damage    Failure   Level
a - Freeze                Ice            68%        1d8       8%          1
b - Frozen Ramparts       Ice            34%        1d6       24%         3

Your spell library contained the following spells:

 Spells                   Type           Power      Damage    Failure   Level
 Ozocubu's Armour         Ice            17%        N/A       24%         3
 Summon Ice Beast         Ice/Summ       9%         N/A       94%         4


Dungeon Overview and Level Annotations

Branches:
Dungeon (4/15)
 Temple: D:4-7

Altars:
Fedhas
Hepliaklqana


Innate Abilities, Weirdness & Mutations

((You are very nimble when in or above water. (Stealth+, EV+, Speed+++)))
Your lower body shifts to a powerful aquatic tail in water.


Message History

The orc wizard hits you with a +0 dagger.
Casting: Freeze (safe; 8% risk of failure)
Confirm with . or Enter, or press ? or * to list all spells.
Aiming: Freeze (safe; 8% risk of failure)
Press: ? - help, Shift-Dir - straight line, f/p - orc wizard
Aim: an orc wizard, wielding a +0 dagger and wearing a +0 robe (heavily wounded)
You freeze the orc wizard.
The orc wizard is almost dead.
The scorpion stings you but does no damage.
The orc wizard hits you but does no damage.
The orc hits you with a +0 war axe.
As you read the scroll of teleportation, it crumbles to dust.
You feel strangely unstable. The scorpion closely misses you.
The orc wizard hits you with a +0 dagger.
* * * LOW HITPOINT WARNING * * *
The orc hits you but does no damage. The scorpion barely misses you.
You feel better.
The scorpion stings you but does no damage.
The orc wizard gestures at you while chanting.
The magic dart hits you but does no damage.
The orc hits you with a +0 war axe!
You hit the orc wizard.
Your weapon exudes an aura of protection.
You kill the orc wizard!
The scorpion stings you.
* * * LOW HITPOINT WARNING * * *
The orc hits you with a +0 war axe.
* * * LOW HITPOINT WARNING * * *
Casting: Freeze (safe; 8% risk of failure)
Confirm with . or Enter, or press ? or * to list all spells.
Aiming: Freeze (safe; 8% risk of failure)
Press: ? - help, Shift-Dir - straight line, f - scorpion
Aim: a scorpion You freeze the scorpion.
The scorpion is lightly wounded.
The scorpion stings you.
* * * LOW HITPOINT WARNING * * *
You are lethally poisoned!
The scorpion poisons you! The orc hits you with a +0 war axe.
You die...

#### .....! ...s...
..8... ..8....
.....###....o..
##### #........#
....# +.....+..#
....# #....)# .#
....####..)†.#+###
................)#
..............)s@#
^..............o.#
.................#
#########+###......
#......# #......#
#......# #......#
###.....


You could see a scorpion and an orc.

Vanquished Creatures
  Jessica (D:2)
  An orc wizard (D:4)
  7 adders
  An ufetubus (D:4)
  A worm (D:2)
  3 dart slugs
  2 orcs (D:4)
  6 ball pythons
  3 bats
  7 endoplasms
  3 giant cockroaches
  6 goblins
  2 hobgoblins
  2 jackals (D:4)
  9 kobolds
  A quokka (D:2)
  3 frilled lizards
  4 rats
62 creatures vanquished.

Notes
Turn   | Place    | Note
-------+----------+-------------------------------------------
     0 | D:1      | Salm0nSnake the Merfolk Ice Elementalist began the quest
                  | for the Orb.
     0 | D:1      | Reached XP level 1. HP: 13/13 MP: 3/3
   186 | D:1      | Reached XP level 2. HP: 19/19 MP: 1/5
  1225 | D:2      | Reached skill level 5 in Ice Magic
  1268 | D:2      | Reached XP level 3. HP: 14/24 MP: 6/6
  1437 | D:2      | Noticed Jessica
  1446 | D:2      | Killed Jessica
  1447 | D:2      | Reached skill level 1 in Fighting
  1447 | D:2      | Reached XP level 4. HP: 13/27 MP: 7/7
  1515 | D:2      | Identified the +3 hand axe of Ruination {flame, rN+ Dex+3
                  | SInv}
  2284 | D:2      | Reached XP level 5. HP: 34/35 MP: 8/8
  2554 | D:2      | Identified a scroll of acquirement
  2556 | D:2      | Acquired a +1 scimitar of protection
  2566 | D:2      | Learned a level 3 spell: Frozen Ramparts
  2748 | D:3      | Found a hazy altar of Hepliaklqana.
  3040 | D:3      | Found a blossoming altar of Fedhas.
  3801 | D:4      | Slain by an orc

Illustrated notes

Levels and vault maps discovered:
D:1:      eino_arrival_tree_alley, layout_basic, grunt_decor_mini_mirrors,
          minivault_25
D:2:      minmay_angry_zag, layout_basic, uniq_jessica
D:3:      layout_basic, mainiacjoe_overflow_concentric_impassable,
          nicolae_hepliaklqana_hazy_memory, grunt_ministairs_11,
          kennysheep_big_empty_room, wander_ebering_terrifying_dragon_lair
D:4:      layout_gridville, eat_drink_and_be_merry_uskayaw

Skill      XL: |  1  2  3 |
---------------+----------+-----
Dodging        | 3 |  3.9
Ice Magic      | 5 |  5.5
Fighting       | 1 |  1.6
Long Blades    | |  0.8
Axes           | |  0.7
Armour         | |  0.8
Stealth        | |  2.3
Unarmed Combat | |  0.1
Spellcasting   | |  2.8

Action                     |  1- 3 |  4- 6 || total
---------------------------+-------+-------++-------
  Melee: Unarmed           |    14 |       ||    14
         Hand axe          |    22 |    32 ||    54
         Staff             |    15 |       ||    15
         Scimitar          |       |    37 ||    37
  Throw: Stone             |     5 |       ||     5
         Dart              |       |     1 ||     1
   Cast: Freeze            |    29 |    33 ||    62
         Frozen Ramparts   |       |     1 ||     1
    Use: Scroll            |     2 |     4 ||     6
         Potion            |     1 |     6 ||     7
   Stab: Sleeping          |       |     1 ||     1
 Armour: Robe              |     5 |       ||     5
         Ring mail         |    11 |    40 ||    51
         Scale mail        |       |     3 ||     3
  Dodge: Dodged            |    46 |    65 ||   111
